 Dungeon Crawl Stone Soup version 0.31-a0-1626-g5cb510d322 (webtiles) character file.

Game seed: 15041129384112831855

112 voltaire321 the Digger (level 4, -4/28 HPs)
             Began as an Octopode Earth Elementalist on Jan 12, 2024.
             Was an Initiate of Vehumet.
             Slain by a gnoll
             ... wielding a +0 spear
              (6 damage)
             ... on level 3 of the Dungeon.
             The game lasted 00:05:13 (2078 turns).

voltaire321 the Digger (OpEE)                       Turns: 2078, Time: 00:05:14

Health: -4/28      AC:  1    Str:  7    XL:     4   Next: 95%
Magic:  1/8        EV: 14    Int: 19    God:    Vehumet [......]
Gold:   107        SH:  0    Dex: 18    Spells: 4/8 levels left

rFire   . . .        l - +4 dagger "Leil" {flame, rElec rC+ rN+}
rCold   + . .        (no shield)
rNeg    + . .        (helmet restricted)
rPois   .            (no amulet)
rElec   +            k - +6 ring of dexterity
rCorr   .            r - ring of willpower
SInv    .            (no ring)
Will    +....        (no ring)
Stlth   +++          (no ring)
HPRegen 0.24/turn    (no ring)
MPRegen 0.11/turn    (no ring)
                     (no ring)

%: no passive effects
@: very slightly contaminated
A: almost no armour, amphibious, 8 rings, camouflage 1, gelatinous body 1,
(nimble swimmer 1), tentacles
a: Renounce Religion


You were on level 3 of the Dungeon.
You worshipped Vehumet.
Vehumet was noncommittal.
You visited 1 branch of the dungeon, and saw 3 of its levels.

You collected 107 gold pieces.

Inventory:

Hand Weapons
 l - the +4 dagger "Leil" (weapon) {flame, rElec rC+ rN+}
   (You found it on level 2 of the Dungeon)

   rC+:       It protects you from cold.
   rElec:     It insulates you from electricity.
   rN+:       It protects you from negative energy.
Missiles
 d - 2 curare-tipped darts
Jewellery
 k - a +6 ring of dexterity (left tentacle)
 r - a ring of willpower (right tentacle)
Wands
 n - a wand of polymorph (3)
Scrolls
 b - a scroll of teleportation {unknown}
 c - a scroll of fog {unknown}
 e - a scroll of torment {unknown}
 g - 2 scrolls of immolation {unknown}
 j - a scroll of poison {unknown}
 o - a scroll of fear {unknown}
Potions
 a - 2 potions of magic
 f - 2 potions of invisibility {unknown}
 h - 2 potions of enlightenment {unknown}
 i - a potion of curing {unknown}
 m - a potion of might {unknown}
 p - a potion of berserk rage {unknown}
 q - 2 potions of brilliance {unknown}


   Skills:
 + Level 1.6 Fighting
 + Level 2.7 Dodging
 - Level 2.6 Stealth
 + Level 2.7 Spellcasting
 + Level 2.0 Conjurations
 + Level 3.6 Earth Magic


You had 4 spell levels left.
You knew the following spells:

 Your Spells              Type           Power      Damage    Failure   Level
a - Sandblast             Erth           32%        2d9       3%          1
b - Passwall              Erth           16%        N/A       11%         3

Your spell library contained the following spells:

 Spells                   Type           Power      Damage    Failure   Level
 Stone Arrow              Conj/Erth      26%        3d8       14%         3
 Brom's Barrelling Bould  Conj/Erth      13%        2d4       43%         4
 Petrify                  Alch/Erth      9%         N/A       58%         4


Dungeon Overview and Level Annotations

Branches:
Dungeon (3/15)

Altars:
Vehumet
Xom

Portals:
Abyss: D:3

Annotations:
D:3 1 transporter, MysticSailboat's ghost, amateur MiMo


Innate Abilities, Weirdness & Mutations

You cannot wear most types of armour.
You are amphibious.
You can wear up to eight rings at the same time.
Your skin changes colour to match your surroundings (Stealth+).
Your rubbery body absorbs attacks. (AC +1, EV +1)
((You are camouflaged when in or above water. (Stealth+)))
You have tentacles for arms and can constrict up to eight enemies at once.


Message History

Aim: a gnoll, wielding a +0 spear (severely wounded, 84% to hit)
The blast of sand hits the gnoll!
You kill the gnoll!
Vehumet accepts your kill.
Your Conjurations skill increases to level 2!
Found a coppery potion.
The gnoll attacks as it pursues you! The gnoll closely misses you.
Aiming: Sandblast (safe; 3% risk of failure)
Press: ? - help, Q - select action, (/) - cycle Shift-Dir - straight line, f - gnoll
Aim: a gnoll, wielding a +0 club (84% to hit)
The blast of sand hits the gnoll!
You kill the gnoll!
Vehumet accepts your kill.
Aiming: Sandblast (safe; 3% risk of failure)
Press: ? - help, Q - select action, (/) - cycle Shift-Dir - straight line, f - gnoll
Aim: a gnoll, wielding a +0 flail (84% to hit)
You miscast Sandblast.
You are very lightly contaminated with residual magic.
Nothing appears to happen.
Aiming: Sandblast (safe; 3% risk of failure)
Press: ? - help, Q - select action, (/) - cycle Shift-Dir - straight line, f/p - gnoll
Aim: a gnoll, wielding a +0 flail (84% to hit)
The blast of sand hits the gnoll!
The gnoll is heavily wounded.
The gnoll misses you. x2; The gnoll hits you with a +0 flail!
Aiming: Sandblast (safe; 3% risk of failure)
Press: ? - help, Q - select action, (/) - cycle Shift-Dir - straight line, f/p - gnoll
Aim: a gnoll, wielding a +0 flail (heavily wounded, 84% to hit)
The blast of sand hits the gnoll but does no damage.
The gnoll is heavily wounded.
The gnoll hits you with a +0 flail! The gnoll barely misses you.
Aiming: Sandblast (safe; 3% risk of failure)
Press: ? - help, Q - select action, (/) - cycle Shift-Dir - straight line, f/p - gnoll
Aim: a gnoll, wielding a +0 flail (heavily wounded, 84% to hit)
The blast of sand hits the gnoll.
The gnoll is almost dead.
The gnoll hits you with a +0 flail!
* * * LOW HITPOINT WARNING * * *
The gnoll hits you from afar with a +0 spear.
You die...

... ........## ... .........#
. #.....>..+ .. #........# .
## ##.......# ? $. ##.......#
###. #.##.....†.# ...
#.#....)#'########. ###
#.###..g#.g@..(.§.! ##.###
.###..#.)#.§§≈≈≈≈
#....##.^.#..#g.#.≈.§§§.
###...##..#.....#.≈.#.##
..##..##.##.......§.# ..#
#.x#..##.#......#.≈.# .# .
..##..##.#........≈.# .# ≈.§
###....###......#.≈.###.#.≈.§
##...........#....≈.....§.≈..


You could see 2 gnolls.

Vanquished Creatures
  2 gnolls (D:3)
  2 adders
  4 dart slugs
  11 ball pythons
  2 endoplasms (D:1)
  5 goblins
  11 hobgoblins
  A jackal (D:1)
  9 kobolds
  A quokka (D:1)
  4 bats
  3 frilled lizards
  10 rats
65 creatures vanquished.

Vanquished Creatures (others)
  A jackal (D:1)
1 creature vanquished.

Grand Total: 66 creatures vanquished

Notes
Turn   | Place    | Note
-------+----------+-------------------------------------------
     0 | D:1      | voltaire321 the Octopode Earth Elementalist began the quest
                  | for the Orb.
     0 | D:1      | Reached XP level 1. HP: 11/11 MP: 3/3
   158 | D:1      | Reached XP level 2. HP: 9/18 MP: 5/5
   515 | D:1      | Reached XP level 3. HP: 22/22 MP: 3/6
   569 | D:1      | Reached skill level 1 in Fighting
   852 | D:1      | Found a faded altar of an unknown god.
  1000 | D:2      | Found a shimmering altar of Xom.
  1012 | D:2      | Identified the +4 dagger "Leil" {flame, rElec rC+ rN+}
  1041 | D:2      | Learned a level 3 spell: Passwall
  1264 | D:2      | Reached XP level 4. HP: 28/28 MP: 7/7
  1511 | D:3      | Found a transporter.
  1511 | D:3      | Noticed a small abomination
  1527 | D:3      | Found a one-way gate to the infinite horrors of the Abyss.
  1527 | D:3      | Noticed MysticSailboat's ghost (amateur MiMo)
  1536 | D:3      | Identified the +0 ring mail "Gazumuz" {Will+}
  1622 | D:3      | Found a radiant altar of Vehumet.
  1644 | D:3      | Became a worshipper of Vehumet
  2078 | D:3      | Slain by a gnoll

Illustrated notes

Levels and vault maps discovered:
D:1:      noname_arrival_rooms_in_the_neighbourhood, layout_loops_ring,
          shapermc_ecumenical_altar_pompeii
D:2:      layout_rooms, basic_altar
D:3:      layout_loops_corners, nicolae_vehumet_radiance,
          mainiacjoe_overflow_brackets, gammafunk_ghost_abyssal_escape,
          mainiacjoe_sewer_entry_somewhere_in_here_2, minmay_crystal_room,
          kennysheep_crisscross, reono_crystal_passage

Skill      XL: |  1  2  3  4 |
---------------+-------------+-----
Fighting       | 1 |  1.6
Conjurations   | 2 |  2.0
Dodging        | |  2.7
Stealth        | |  2.6
Spellcasting   | |  2.7
Earth Magic    | |  3.6

Action                     |  1- 3 |  4- 6 || total
---------------------------+-------+-------++-------
  Melee: Whip              |    10 |       ||    10
         Constrict         |     6 |     4 ||    10
         Tentacles         |     3 |     2 ||     5
         Unarmed           |     2 |       ||     2
         Short sword       |     6 |       ||     6
         Dagger            |     1 |    20 ||    21
   Cast: Sandblast         |    46 |    11 ||    57
   Stab: Sleeping          |     3 |     5 ||     8
 Armour: Skin              |    16 |    11 ||    27
  Dodge: Dodged            |    26 |    13 ||    39

Table legend: (Time is in decaauts)
 A = Elapsed time spent in this place.
 B = Non-inter-level travel time spent in this place.
 C = Inter-level travel time spent in this place.
 D = Time resting spent in this place.
 E = Time spent auto-exploring this place.
 F = Levels seen in this place.
 G = Mean time per level.
                   A        B        C        D        E       F      G
               +--------+--------+--------+--------+--------+-----+--------+
         Total |   2104 |   2063 |     41 |    218 |   1305 |   3 |  701.3 |
       Dungeon |   2104 |   2063 |     41 |    218 |   1305 |   3 |  701.3 |
               +--------+--------+--------+--------+--------+-----+--------+

Top non-repeatable levels by time:
     D:1: 1013 daAuts
     D:3: 608 daAuts
     D:2: 482 daAuts
